 Dungeon Crawl Stone Soup version 0.21.1-1-g345015f (webtiles) character file.

180 Monsterracer the Magician (level 5, -2/24 HPs)
             Began as a Spriggan Venom Mage on Feb 5, 2018.
             Killed from afar by an orc wizard (10 damage)
             ... with a magic dart
             ... on level 4 of the Dungeon on Feb 6, 2018.
             The game lasted 00:08:57 (3528 turns).

Monsterracer the Magician (Spriggan Venom Mage)     Turns: 3528, Time: 00:08:57

Health: -2/24      AC:  2    Str:  4    XL:     5   Next: 33%
Magic:  10/13      EV: 19    Int: 18    God:
Gold:   82         SH:  0    Dex: 16    Spells: 5/13 levels left

rFire    . . .     SeeInvis +   d - +1 dagger
rCold    . . .     Gourm    .   (shield restricted)
rNeg     . . .     Faith    .   a - +0 robe
rPois    .         Spirit   .   (helmet restricted)
rElec    .         Reflect  .   (no cloak)
rCorr    .         Harm     .   (gloves unavailable)
MR       .....                  (boots unavailable)
Stlth    +++.......             (no amulet)
HPRegen  0.08/turn              (no ring)
MPRegen  0.13/turn              (no ring)

@: very quick
A: very small, unfitting armour, see invisible, herbivore, speed 3, slow
metabolism 2
a: no special abilities


You were on level 4 of the Dungeon.
You were not hungry.

You visited 1 branch of the dungeon, and saw 4 of its levels.

You collected 82 gold pieces.

Inventory:

Hand Weapons
 d - a +1 dagger (weapon)
Armour
 a - a +0 robe (worn)
Scrolls
 f - 2 scrolls of identify
 g - 2 scrolls of remove curse
 h - a scroll of magic mapping {unknown}
Potions
 b - a potion of curing {unknown}
 e - 2 potions of flight
 i - a potion of might
Comestibles
 c - 2 rations


   Skills:
 + Level 1.3 Short Blades
 + Level 3.8 Dodging
 + Level 4.6 Stealth
 * Level 4.7 Spellcasting
 + Level 1.0 Conjurations
 + Level 3.7 Poison Magic


You had 5 spell levels left.
You knew the following spells:

 Your Spells              Type           Power        Failure   Level  Hunger
a - Sting                 Conj/Pois      ##..         4%          1    None
b - Olgreb's Toxic Radia  Pois           ###.....     28%         4    ####...
c - Mephitic Cloud        Conj/Pois/Air  #.......     22%         3    ###....


Dungeon Overview and Level Annotations

Branches:
Dungeon (4/15)
 Temple: D:4-7

Altars:
Dithmenos
Fedhas

Annotations:
D:3 Agrougrou's ghost, amateur OgMo
D:4 Agrougrou's ghost, amateur DsMo


Innate Abilities, Weirdness & Mutations

You are very small and have problems with some larger weapons.
You are too small for most types of armour.
You have supernaturally acute eyesight. (SInv)
You are a herbivore.
You cover ground extremely quickly.
You need consume almost no food.


Message History

The giant cockroach is almost dead.
The giant cockroach misses you.
You closely miss the giant cockroach.
The giant cockroach is almost dead.
The giant cockroach barely misses you.
You hit the giant cockroach but do no damage.
The giant cockroach is almost dead.
The giant cockroach closely misses you.
You barely miss the giant cockroach.
The giant cockroach is almost dead.
The giant cockroach closely misses you.
You hit the giant cockroach.
You kill the giant cockroach!
You see here a giant cockroach corpse.
A frilled lizard comes into view.
Health restored: 24 A frilled lizard is nearby!
The frilled lizard hisses angrily.
The frilled lizard closely misses you.
You barely miss the frilled lizard. The frilled lizard bites you.
You take 2 damage, and have 22/24 hp.
You hit the frilled lizard.
The frilled lizard is heavily wounded.
You miss the frilled lizard.
The frilled lizard is heavily wounded.
The frilled lizard misses you.
You hit the frilled lizard.
You kill the frilled lizard!
You open the door.
There is an open door here.
You open the door.
Found 12 bolts.
Health restored: 24
There is an open door here.
An orc wizard comes into view. It is wielding a dagger.
The orc wizard begins to cast a cantrip, but forgets the words!
You see here 12 bolts.
An orc wizard is nearby!
An orc priest comes into view. It is wielding a hand axe.
Casting: Sting
Confirm with . or Enter, or press ? or * to list all spells.
Aiming: Sting
Press: ? - help, Shift-Dir - straight line, f - orc wizard
Aim: an orc wizard, wielding a dagger and wearing a robe The sting hits the orc wizard.
The orc wizard is poisoned.
The orc wizard is lightly wounded.
The orc priest shouts! 2 orcs come into view.
An orc is wielding a whip of venom.
You now have 12/13 mp.
The orc shouts!
Casting: Sting
Confirm with . or Enter, or press ? or * to list all spells.
Aiming: Sting
Press: ? - help, Shift-Dir - straight line, f/p - orc wizard
Aim: an orc wizard, wielding a dagger and wearing a robe (moderately wounded, poisoned)
The sting hits the orc wizard.
The orc wizard appears unharmed.
The orc wizard is moderately wounded.
The orc wizard looks satisfied for a moment.
You now have 11/13 mp.
Press: ? - help, v - describe, . - travel
Here: an orc, wielding a whip of venom The floor.
Casting: Sting
Confirm with . or Enter, or press ? or * to list all spells.
Aiming: Sting
Press: ? - help, Shift-Dir - straight line, f/p - orc wizard
Aim: an orc wizard, wielding a dagger and wearing a robe (moderately wounded, poisoned)
The sting hits the orc wizard.
The orc wizard looks even sicker.
The orc wizard is heavily wounded.
The orc wizard gestures at you while chanting.
The magic dart hits you!
You take 9 damage, and have 15/24 hp.
MASSIVE DAMAGE!!
You now have 10/13 mp.
Casting: Sting
Confirm with . or Enter, or press ? or * to list all spells.
Aiming: Sting
Press: ? - help, Shift-Dir - straight line, f/p - orc wizard
Aim: an orc wizard, wielding a dagger and wearing a robe (heavily wounded, poisoned)
The sting hits the orc wizard.
The orc wizard looks even sicker.
The orc wizard is severely wounded.
The orc priest shouts!
The orc wizard gestures wildly while chanting.
The orc wizard seems to speed up.
You now have 9/13 mp.
The orc wizard mumbles some strange words.
The orc wizard flickers and vanishes for a moment.
The orc wizard gestures at you while chanting.
The puff of flame hits you!
* * * LOW HITPOINT WARNING * * *
There is an open door here.
You take 7 damage, and have 8/24 hp.
MASSIVE DAMAGE!!
You start resting.
Casting: Sting
Confirm with . or Enter, or press ? or * to list all spells.
Aiming: Sting
Press: ? - help, Shift-Dir - straight line, f/p - orc wizard
Aim: an orc wizard, wielding a dagger and wearing a robe (almost dead, fast, poisoned, slightly transparent)
Okay, then.
The orc wizard points at you and mumbles some strange words.
The magic dart hits you!
You die...

#....# #....#
#....#####
#........#
#####....# .....
#..#....##### ....
#..#....#...# ...
#..#....#...# #..
#..o.@..'...# #..
#..#....#...#
#..##..#..†.##+###
#...(..#.........#
#......#.........#
#......+.........#
#.oo...#.........#
##.#####.........#
#o #....######


You could see an orc wizard (invisible).

Vanquished Creatures
  A sky beast (D:3)
  4 adders
  2 worms
  A leopard gecko (D:3)
  2 giant cockroaches
  5 goblins
  5 hobgoblins (D:1)
  A jackal (D:1)
  5 kobolds
  2 ball pythons
  7 bats
  3 frilled lizards
  A quokka skeleton (D:4)
  11 rats
50 creatures vanquished.

Notes
Turn   | Place    | Note
-------+----------+-------------------------------------------
     0 | D:1      | Monsterracer the Spriggan Venom Mage began the quest for the Orb.
     0 | D:1      | Reached XP level 1. HP: 9/9 MP: 5/5
   386 | D:1      | HP: 2/9 [hobgoblin/club (6)]
   419 | D:1      | Reached XP level 2. HP: 3/13 MP: 0/7
   493 | D:1      | HP: 3/13 [hobgoblin (2)]
  1125 | D:1      | Reached XP level 3. HP: 10/16 MP: 2/9
  1130 | D:1      | Learned a level 3 spell: Mephitic Cloud
  1761 | D:2      | Found a shadowy altar of Dithmenos.
  2422 | D:3      | Reached XP level 4. HP: 21/21 MP: 7/11
  2424 | D:3      | Noticed Agrougrou's ghost (amateur OgMo)
  2428 | D:3      | Learned a level 4 spell: Olgreb's Toxic Radiance
  2762 | D:3      | Noticed a sky beast
  2770 | D:3      | HP: 9/21 [sky beast (3)]
  2770 | D:3      | HP: 4/21 [sky beast (5)]
  2778 | D:3      | Killed a sky beast
  2778 | D:3      | Reached skill level 1 in Short Blades
  2778 | D:3      | Reached skill level 1 in Conjurations
  2778 | D:3      | Reached XP level 5. HP: 6/24 MP: 4/13
  3043 | D:4      | Found a blossoming altar of Fedhas.
  3069 | D:4      | Noticed Agrougrou's ghost (amateur DsMo)
  3139 | D:3      | HP: 9/24 [Agrougrou's ghost (8)]
  3139 | D:3      | HP: 4/24 [Agrougrou's ghost (5)]
  3523 | D:4      | HP: 8/24 [orc wizard/puff of flame (7)]
  3528 | D:4      | Killed from afar by an orc wizard

Skill      XL: |  1  2  3  4 |
---------------+-------------+-----
Spellcasting   | 3 4 |  4.7
Stealth        | 4 |  4.6
Short Blades   | 1 |  1.3
Conjurations   | 1 |  1.0
Dodging        | |  3.8
Poison Magic   | |  3.7

Action                   |  1- 3 |  4- 6 || total
-------------------------+-------+-------++-------
Melee: Unarmed           |     9 |       ||     9
       Dagger            |    54 |    31 ||    85
 Cast: Sting             |    91 |    27 ||   118
  Use: Scroll            |     4 |     2 ||     6
 Stab: Sleeping          |       |     1 ||     1
Armor: Robe              |    17 |     2 ||    19
Dodge: Dodged            |    68 |    28 ||    96

Vault maps used:
D:1:      ncdulo_smallfort, minmay_vboxes
D:2:      grunt_dithmenos_smoke
D:3:      uniq_ijyb
D:4:      overflow_temple_1_default, fedhas_altar_3, uniq_crazy_yiuf_cottage
